 Dungeon Crawl Stone Soup version 0.30.0-17-ge0270778cf (webtiles) character file.

Game seed: 2003314549370245631

95 hawla the Firebug (level 5, -1/38 HPs)
             Began as a Meteoran Fire Elementalist on May 22, 2023.
             Slain by an orc priest
             ... wielding a +0 morningstar
              (12 damage)
             ... on level 4 of the Dungeon.
             The game lasted 00:04:10 (606 turns).

hawla the Firebug (Meteoran Fire Elementalist)       Turns: 606, Time: 00:04:12

Health: -1/38      AC:  2    Str: 10    XL:     5   Next: 19%
Magic:  0/11       EV: 12    Int: 18    God:
Gold:   30         SH:  0    Dex: 14    Spells: 8/11 levels left

rFire   . . .        c - +3 short sword
rCold   . . .        (no shield)
rNeg    . . .        a - +0 robe
rPois   .            (no helmet)
rElec   .            (no cloak)
rCorr   .            (no gloves)
SInv    .            (no boots)
Will    .....        (no amulet)
Stlth   +            (no ring)
HPRegen 0.26/turn    (no ring)
MPRegen 0.12/turn

%: no passive effects
@: glowing
A: sense surroundings 1, otherworldly, glowing, explore regen
a: no special abilities


You were on level 4 of the Dungeon.
You visited 1 branch of the dungeon, and saw 4 of its levels.

You collected 30 gold pieces.

Inventory:

Hand Weapons
 c - a +3 short sword (weapon)
Armour
 a - a +0 robe (worn)
Jewellery
 d - an amulet of the acrobat


   Skills:
 + Level 0.2 Fighting
 + Level 2.8 Dodging
 - Level 1.4 Stealth
 + Level 3.6 Spellcasting
 + Level 2.4 Conjurations
 + Level 5.1 Fire Magic


You had 8 spell levels left.
You knew the following spells:

 Your Spells              Type           Power      Damage    Failure   Level
a - Foxfire               Conj/Fire      64%        2x1d7     3%          1
b - Scorch                Fire           42%        2d6       2%          2

Your spell library contained the following spells:

 Spells                   Type           Power      Damage    Failure   Level
 Inner Flame              Hex/Fire       12%        N/A       16%         3
 Volatile Blastmotes      Fire/Tloc      24%        2d12      16%         3
 Flame Wave               Conj/Fire      16%        2d7       32%         4


Dungeon Overview and Level Annotations

Branches:
Dungeon (4/15) Zot: 1794
 Temple: D:4-7

Altars:


Innate Abilities, Weirdness & Mutations

You passively map a small area around you.
You are easily found by Zot.
You glow in the dark.
You regain HP and MP as you explore.


Message History

An orc priest comes into view. It is wielding a +0 morningstar.
There is an open door here.
Things that are here:
a +0 dagger; a +0 chain mail Which direction?
You close the door.
You close the door, pushing everything out of the way.
You open the door.
You close the door.
Something unseen opens the door.
You sense a monster nearby.
There are monsters nearby!
You open the door.
The orc priest miscasts a cantrip.
Casting: Scorch (safe; 2% risk of failure)
Confirm with . or Enter, or press ? or * to list all spells.
You conjure some foxfire!
You hit the hobgoblin.
The hobgoblin is lightly wounded.
The foxfire hits the hobgoblin.
The hobgoblin is almost dead.
The foxfire hits the hobgoblin.
You kill the hobgoblin!
There is an open door here.
You close the door.
An orc priest breaks down the door.
Casting: Foxfire (safe; 3% risk of failure)
Confirm with . or Enter, or press ? or * to list all spells.
Flames lash the orc priest but do no damage.
Unknown command.
Casting: Scorch (safe; 2% risk of failure)
Confirm with . or Enter, or press ? or * to list all spells.
You conjure some foxfire!
The orc priest closely misses you.
You hit the orc priest.
The orc priest is lightly wounded.
The foxfire hits the orc priest.
The orc priest is moderately wounded.
The foxfire hits the orc priest but does no damage.
The orc priest is moderately wounded.
The orc priest hits you with a +0 morningstar!
You die...

, , , , , ,, , ,
* * , ,, , * ,
*####### ,
......o.#
,#.....#
......g# +.§§..#
, ......#
#.@...# ,,
......##
,##o#### ,
#.....#####'## ,
#.....#..†...+ ,
#?....#......# ,
, ,
#.....').....# ,
* *
#.....#+######+
*
,##+#..)).......
, , ,
+...........


You could see an orc priest.

Vanquished Creatures
  2 hounds (D:4)
  2 worms
  3 orcs (D:4)
  A ball python (D:1)
  An endoplasm (D:1)
  A giant cockroach (D:2)
  2 goblins
  3 hobgoblins
  2 kobolds
  3 quokkas
  2 bats
  A frilled lizard (D:2)
  2 rats
25 creatures vanquished.

Vanquished Creatures (others)
  58 foxfires
58 creatures vanquished.

Grand Total: 83 creatures vanquished

Notes
Turn   | Place    | Note
-------+----------+-------------------------------------------
     0 | D:1      | hawla the Meteoran Fire Elementalist began the quest for
                  | the Orb.
     0 | D:1      | Reached XP level 1. HP: 14/14 MP: 5/5
    32 | D:1      | Reached skill level 4 in Fire Magic
    32 | D:1      | Reached XP level 2. HP: 20/20 MP: 2/6
   346 | D:2      | Reached XP level 3. HP: 26/26 MP: 5/8
   353 | D:2      | Learned a level 2 spell: Scorch
   568 | D:4      | Reached XP level 4. HP: 33/33 MP: 3/10
   583 | D:4      | Reached skill level 5 in Fire Magic
   583 | D:4      | Reached XP level 5. HP: 3/38 MP: 8/11
   606 | D:4      | Slain by an orc priest

Illustrated notes

Levels and vault maps discovered:
D:1:      amcnicky_arrival_feature_with_door, layout_rooms,
          chequers_ecumenical_altar_simple, minmay_worlds_worst_comb
D:2:      layout_loops_corners
D:3:      layout_basic, gammafunk_ghost_arena, minivault_11, uniq_sigmund,
          uniq_terence, uniq_ijyb
D:4:      layout_gridville, kennysheep_generic_room_13

Skill      XL: |  1  2  3  4 |
---------------+-------------+-----
Fire Magic     | 4 5 |  5.1
Spellcasting   | 3 |  3.6
Conjurations   | 2 |  2.4
Fighting       | |  0.2
Dodging        | |  2.8
Stealth        | |  1.4

Action                     |  1- 3 |  4- 6 || total
---------------------------+-------+-------++-------
  Melee: Unarmed           |     9 |       ||     9
         Short sword       |       |     4 ||     4
   Cast: Foxfire           |    31 |     6 ||    37
         Scorch            |     1 |     5 ||     6
    Use: Scroll            |     1 |       ||     1
         Potion            |       |     1 ||     1
 Armour: Robe              |     7 |     5 ||    12
  Dodge: Dodged            |    10 |    11 ||    21
